 Dungeon Crawl Stone Soup version 0.18-a0-1014-g3bbf375 (webtiles) character file.

638 vatarom the Chopper (level 7, -2/52 HPs)
             Began as a Formicid Fighter on Jan 6, 2016.
             Was a Believer of Qazlal.
             Slain by a gnoll
             ... wielding a +0 halberd
              (6 damage)
             ... on level 3 of the Dungeon.
             The game lasted 00:10:42 (4023 turns).

vatarom the Chopper (Formicid Fighter)              Turns: 4023, Time: 00:10:42

Health: -2/52      AC:  6    Str: 21    XL:     7   Next: 80%
Magic:  9/9        EV:  8    Int:  8    God:    Qazlal [**....]
Gold:   167        SH: 13    Dex: 13    Spells: 0 memorised, 6 levels left

rFire  . . .     SeeInvis +     a - +0 war axe
rCold  . . .     Gourm    .     b - +0 scale mail
rNeg   . . .     Faith    .     c - +0 shield
rPois  .         Spirit   .     (helmet unavailable)
rElec  .         Dismiss  .     (no cloak)
rCorr  .         Reflect  .     (no gloves)
SustAt .         Harm     .     (no boots)
MR     .....                    (no amulet)
Stlth  ..........               (no ring)
                                (no ring)

@: not resistant to hostile enchantments, extremely unstealthy
A: permanent stasis, dig shafts and tunnels, four strong arms, antennae 3, agile
1
a: Dig, Shaft Self, Upheaval, Renounce Religion


You were on level 3 of the Dungeon.
You worshipped Qazlal.
Qazlal was pleased with you.
You were not hungry.

You visited 1 branch of the dungeon, and saw 4 of its levels.

You collected 167 gold pieces.

Inventory:

Hand Weapons
 a - a +0 war axe (weapon)
Armour
 b - a +0 scale mail (worn)
 c - a +0 shield (worn)
Jewellery
 d - a +3 ring of dexterity {unknown}
 h - an uncursed ring of ice
 l - an uncursed ring of fire
Wands
 e - a wand of slowing (24/48)
Scrolls
 g - 2 scrolls of identify
Comestibles
 f - 3 bread rations
 i - 3 fruits
 j - a slice of pizza
 k - a royal jelly


   Skills:
 - Level 3.2 Fighting
 * Level 6.9 Axes
 - Level 3.2 Armour
 - Level 5.3 Shields
 + Level 2.8 Invocations


You had 6 spell levels left.
You didn't know any spells.

Dungeon Overview and Level Annotations

Branches:
Dungeon (4/15)
 Temple: D:4-7

Altars:
Nemelex Xobeh
Qazlal


Innate Abilities, Weirdness & Mutations

You are under a permanent stasis effect.
You can dig through walls and to a lower floor.
Your four strong arms can wield two-handed weapons with a shield.
You have a pair of large antennae on your head (SInv).
You are agile. (Dex +2)


Message History

You miss the giant newt. You hit the gnoll.
The gnoll is moderately wounded.
The giant newt barely misses you. You block the gnoll's attack.
The gnoll hits you but does no damage.
Unknown command.
Unknown command.
You hit the giant newt.
The giant newt is heavily wounded.
You hit the gnoll.
The gnoll is severely wounded.
You block the giant newt's attack. The gnoll closely misses you.
The gnoll completely misses you. You block the giant newt's attack.
Unknown command.
You closely miss the giant newt.
The giant newt is heavily wounded.
You closely miss the gnoll.
The gnoll is severely wounded.
The gnoll barely misses you. The giant newt misses you.
The gnoll hits you from afar with a halberd.
You die...

######### #.......# #######
##########.#####.####......
.........#.# #..g.g...###
.#######.#.# #..#####.#
##.###.#.# #..# #.###
#.#......#####..# #...#
##.###.#l.......# #.#.#
#.###.###.#@###.#..#####.#.#
#.........#g###.#...>.......
#####.#####.g{{...####.###.#
#<# ####{..## #.##.#. #.#
##.....## #.#.### #######.##
##.....g.###.##.#.
#........####.........##......
#.###.......'.........'..g....
#.# #.....###.........####....


You could see 2 gnolls and a giant newt.

Vanquished Creatures
  The ghost of vatarom the Shield-Bearer, an amateur FoFi (D:3)
  A gnoll sergeant (D:3)
  A gnoll shaman (D:3)
  33 gnolls (D:3)
  5 adders
  3 worms (D:2)
  3 giant geckos
  6 bats
  2 giant cockroaches
  12 goblins
  7 hobgoblins
  14 jackals (D:3)
  A quokka (D:2)
  5 ball pythons
  3 giant newts
  13 kobolds
  8 rats
  2 plants (D:3)
120 creatures vanquished.

Vanquished Creatures (others)
  A giant gecko (D:1)
1 creature vanquished.

Grand Total: 121 creatures vanquished

Notes
Turn   | Place    | Note
--------------------------------------------------------------
     0 | D:1      | vatarom the Formicid Fighter began the quest for the Orb.
     0 | D:1      | Reached XP level 1. HP: 18/18 MP: 1/1
    82 | D:1      | Reached skill level 4 in Shields
   114 | D:1      | Reached XP level 2. HP: 20/24 MP: 2/2
   478 | D:1      | Found a sparkling altar of Nemelex Xobeh.
   588 | D:1      | Reached XP level 3. HP: 29/29 MP: 3/3
   926 | D:2      | Reached skill level 5 in Shields
  1414 | D:2      | Reached XP level 4. HP: 30/35 MP: 4/4
  1443 | D:2      | Found a stormy altar of Qazlal.
  1454 | D:2      | Became a worshipper of Qazlal Stormbringer
  2394 | D:2      | Reached XP level 5. HP: 30/41 MP: 5/5
  2492 | D:2      | Reached * piety under Qazlal
  2781 | D:3      | Noticed vatarom's ghost (amateur FoFi)
  2792 | D:3      | Killed vatarom's ghost
  2792 | D:3      | Reached skill level 5 in Axes
  2792 | D:3      | Reached XP level 6. HP: 21/47 MP: 6/6
  3323 | D:3      | Reached ** piety under Qazlal
  3352 | D:3      | Reached skill level 6 in Axes
  3355 | D:3      | Reached XP level 7. HP: 45/52 MP: 7/7
  3371 | D:3      | Gained mutation: You are agile. (Dex +2) [potion of beneficial mutation]
  3442 | D:3      | HP: 2/52 [gnoll sergeant/spear of piercing (1)]
  3443 | D:3      | Reached skill level 1 in Invocations
  4003 | D:3      | HP: 2/52 [gnoll/halberd (6)]
  4023 | D:3      | Slain by a gnoll

Vault maps used:
D:1:      moated_graveyard_arrival, serial_corexii_hall, corexii_hall_statues_l,
          corexii_hall_statues_l, nemelex_altar_shiori
D:2:      forest_paths, lemuel_round_altar, first_bread
D:3:      lemuel_castle_with_subvaults, grunt_decor_one_mirror
D:4:      minmay_goblin_kobold_castle, gammafunk_temple_overflow_claw

Action                   |  1- 3 |  4- 6 |  7- 9 || total
-------------------------+-------+-------+-------++-------
Melee: War axe           |   126 |   166 |    75 ||   367
Invok: Upheaval          |       |       |     2 ||     2
  Use: Scroll            |     5 |     3 |       ||     8
       Potion            |     3 |     2 |     1 ||     6
  Eat: Chunk             |     1 |     1 |       ||     2
       Bread ration      |     1 |     1 |       ||     2
